[Event "EYCC Girls-U14 2019"]
[Site "Bratislava"]
[Date "2019.08.10"]
[Round "9.6"]
[White "Kozachenko, Maria"]
[Black "Roebers, Eline"]
[Result "0-1"]
[ECO "B47"]
[WhiteElo "1865"]
[BlackElo "2069"]
[Annotator "NA"]
[PlyCount "46"]
[EventDate "2019.08.02"]
[EventType "swiss"]
[EventCountry "SVK"]
[SourceTitle "playchess.com"]
[Source "ChessBase"]
[SourceQuality "1"]
[TimeControl "40/5400+30:1800+30"]

1. e4 c5 2. Nf3 e6 3. d4 cxd4 4. Nxd4 Nc6 5. Nc3 Qc7 6. Nxc6 Qxc6 7. Bd3 a6 8. a4 b6 9. Qe2 Bb7 10. Bd2 Bc5 11. Nd5 Ne7 12. Ne3 O-O 13. Bc3 f6 14. Ng4 d5 15. f3 Ng6 16. exd5 exd5 17. Bxg6 hxg6 18. O-O-O Qxa4 19. Qe6+ Kh7 20. b3 Qf4+ 21. Bd2 Qd4 22. c3 Qd3 23. Rhe1 Ba3# 0-1

[Event "EYCC Girls-U14 2019"]
[Site "Bratislava"]
[Date "2019.08.10"]
[Round "9.7"]
[White "Zabrzanska, Weronika"]
[Black "Mironenko, Galina"]
[Result "0-1"]
[ECO "C01"]
[WhiteElo "1770"]
[BlackElo "1995"]
[Annotator "NA"]
[PlyCount "94"]
[EventDate "2019.08.02"]
[EventType "swiss"]
[EventCountry "SVK"]
[SourceTitle "playchess.com"]
[Source "ChessBase"]
[SourceQuality "1"]
[TimeControl "40/5400+30:1800+30"]

1. e4 e6 2. d4 d5 3. exd5 exd5 4. Nf3 Nf6 5. Bd3 Be7 6. O-O Nc6 7. c3 Bg4 8. h3 Bh5 9. Bf4 Qd7 10. Nbd2 O-O-O 11. b4 g5 12. Qc2 Kb8 13. Bf5 Bg6 14. Bxg6 gxf4 15. Bf5 Qd6 16. a4 Rdg8 17. Kh1 Rg7 18. a5 h5 19. b5 Nd8 20. c4 dxc4 21. Nxc4 Qd5 22. b6 Nc6 23. bxc7+ Kxc7 24. Qe2 Qxf5 25. Nce5 Qe4 26. Qb2 Nb4 27. Rfe1 Qd5 28. a6 b6 29. Qc3+ Kb8 30. Nd3 Qc6 31. Qd2 Nbd5 32. Rac1 Qd6 33. Nde5 Nb4 34. Rc4 Nfd5 35. Rb1 f6 36. Nd3 Nxd3 37. Qxd3 Rhg8 38. Nh4 Qd7 39. Rbc1 Rg5 40. Qf3 Bd6 41. Rc6 Bc5 42. R6xc5 bxc5 43. Rb1+ Ka8 44. Qb3 c4 45. Qf3 c3 46. Rc1 Qc6 47. Qd1 Qxa6 0-1

[Event "EYCC Girls-U14 2019"]
[Site "Bratislava"]
[Date "2019.08.10"]
[Round "9.8"]
[White "Lomaia, Diana"]
[Black "Pipiras, Filipa Fortuna"]
[Result "1/2-1/2"]
[ECO "E04"]
[WhiteElo "1807"]
[BlackElo "1980"]
[Annotator "NA"]
[PlyCount "114"]
[EventDate "2019.08.02"]
[EventType "swiss"]
[EventCountry "SVK"]
[SourceTitle "playchess.com"]
[Source "ChessBase"]
[SourceQuality "1"]
[TimeControl "40/5400+30:1800+30"]

1. d4 d5 2. c4 e6 3. Nf3 Nf6 4. g3 dxc4 5. Bg2 Nc6 6. O-O a6 7. Nc3 Rb8 8. e4 Be7 9. Bf4 O-O 10. Qe2 b5 11. Rad1 Nb4 12. Ne5 Bb7 13. d5 exd5 14. a3 Nc6 15. Nxc6 Bxc6 16. e5 Nd7 17. Nxd5 Bxd5 18. Bxd5 Rb6 19. Be3 c5 20. Qg4 Kh8 21. Bf3 Re6 22. Qh3 Qc8 23. Be4 g6 24. f4 f5 25. Bd5 Rb6 26. Rf2 Rd8 27. Rfd2 Nf8 28. Qg2 Rb8 29. Qf2 Qc7 30. Qf3 Nd7 31. Be6 Nb6 32. g4 fxg4 33. Bxg4 Rxd2 34. Rxd2 Rd8 35. Qd1 Na4 36. Qc2 Rxd2 37. Qxd2 Qd8 38. Qxd8+ Bxd8 39. Bc1 b4 40. Be6 c3 41. bxc3 Nxc3 42. Kf2 a5 43. Ke3 g5 44. Kd3 gxf4 45. Bxf4 Kg7 46. Be3 Be7 47. axb4 cxb4 48. Bd4 Nb5 49. Bb6 a4 50. Bd7 Nc3 51. Bd4 a3 52. Bxc3 bxc3 53. Kxc3 Bb4+ 54. Kb3 Kf7 55. Bg4 Bc5 56. h3 Ke7 57. h4 h6 1/2-1/2

[Event "EYCC Girls-U14 2019"]
[Site "Bratislava"]
[Date "2019.08.10"]
[Round "9.9"]
[White "Bondareva, Daria"]
[Black "Katter, Katharina"]
[Result "1-0"]
[ECO "C07"]
[WhiteElo "1998"]
[BlackElo "1824"]
[Annotator "NA"]
[PlyCount "63"]
[EventDate "2019.08.02"]
[EventType "swiss"]
[EventCountry "SVK"]
[SourceTitle "playchess.com"]
[Source "ChessBase"]
[SourceQuality "1"]
[TimeControl "40/5400+30:1800+30"]

1. e4 e6 2. d4 d5 3. Nd2 c5 4. dxc5 Bxc5 5. Bd3 Nc6 6. Ngf3 Nf6 7. Qe2 O-O 8. c3 Qe7 9. O-O Rd8 10. e5 Ne8 11. Nb3 Bb6 12. Nbd4 Nxd4 13. Nxd4 f6 14. f4 f5 15. Be3 Nc7 16. a4 Bd7 17. Kh1 Kh8 18. Rf3 Qe8 19. b3 Qh5 20. Qf2 Rac8 21. Rh3 Qf7 22. Qe1 Rf8 23. a5 Bxd4 24. Bxd4 a6 25. Bc5 Rfe8 26. Qh4 Qg6 27. Be2 Red8 28. Be7 Qh6 29. Bxd8 Qxh4 30. Bxh4 Nb5 31. Bxb5 Bxb5 32. c4 1-0

[Event "EYCC Girls-U14 2019"]
[Site "Bratislava"]
[Date "2019.08.10"]
[Round "9.10"]
[White "Bashylina, Luisa"]
[Black "Ruseva, Eva"]
[Result "1/2-1/2"]
[ECO "C02"]
[WhiteElo "1989"]
[BlackElo "1804"]
[Annotator "NA"]
[PlyCount "57"]
[EventDate "2019.08.02"]
[EventType "swiss"]
[EventCountry "SVK"]
[SourceTitle "playchess.com"]
[Source "ChessBase"]
[SourceQuality "1"]
[TimeControl "40/5400+30:1800+30"]

1. e4 e6 2. d4 d5 3. e5 c5 4. c3 Nc6 5. Nf3 Bd7 6. Be2 f6 7. O-O fxe5 8. Nxe5 Nxe5 9. dxe5 Qc7 10. Bf4 O-O-O 11. Nd2 Nh6 12. Nf3 Be7 13. b4 Rdf8 14. Be3 Ng4 15. Bxc5 Bxc5 16. bxc5 Nxe5 17. Nxe5 Qxe5 18. Qd2 Rd8 19. Rfe1 Qf6 20. Bf3 Rhe8 21. c4 Bc6 22. Qb4 e5 23. Rab1 dxc4 24. Bxc6 Qxc6 25. Qxc4 Rd5 26. Qg4+ Qd7 27. Qb4 Qc6 28. Rec1 Kb8 29. h3 1/2-1/2

[Event "EYCC Girls-U14 2019"]
[Site "Bratislava"]
[Date "2019.08.10"]
[Round "9.11"]
[White "Mihelic, Vesna"]
[Black "Zhou, Lulu"]
[Result "1/2-1/2"]
[ECO "C50"]
[WhiteElo "1844"]
[BlackElo "1944"]
[Annotator "NA"]
[PlyCount "51"]
[EventDate "2019.08.02"]
[EventType "swiss"]
[EventCountry "SVK"]
[SourceTitle "playchess.com"]
[Source "ChessBase"]
[SourceQuality "1"]
[TimeControl "40/5400+30:1800+30"]

1. e4 e5 2. Nf3 Nc6 3. Bc4 Bc5 4. d3 Nf6 5. Nc3 a6 6. Be3 Bxe3 7. fxe3 d6 8. O-O Na5 9. Bb3 Nxb3 10. axb3 c6 11. Qe1 O-O 12. Qg3 Ng4 13. Rae1 b5 14. Nh4 Nh6 15. Nf5 Nxf5 16. exf5 f6 17. Qh4 d5 18. e4 Rf7 19. Rf3 d4 20. Ne2 Rc7 21. Ng3 c5 22. Nh5 Raa7 23. Rg3 Kf8 24. Rf1 g5 25. Rg4 c4 26. Rg3 1/2-1/2

[Event "EYCC Girls-U14 2019"]
[Site "Bratislava"]
[Date "2019.08.10"]
[Round "9.12"]
[White "Reuter, Elisa"]
[Black "Zavivaeva, Emilia"]
[Result "1/2-1/2"]
[ECO "B33"]
[WhiteElo "1930"]
[BlackElo "1740"]
[Annotator "NA"]
[PlyCount "86"]
[EventDate "2019.08.02"]
[EventType "swiss"]
[EventCountry "SVK"]
[SourceTitle "playchess.com"]
[Source "ChessBase"]
[SourceQuality "1"]
[TimeControl "40/5400+30:1800+30"]

1. e4 c5 2. Nf3 Nc6 3. d4 cxd4 4. Nxd4 Nf6 5. Nc3 e5 6. Ndb5 d6 7. Bg5 a6 8. Na3 b5 9. Bxf6 gxf6 10. Nd5 f5 11. g3 fxe4 12. Bg2 Bf5 13. f3 e3 14. Nxe3 Be6 15. f4 Rc8 16. Nd5 Bg7 17. c3 O-O 18. O-O b4 19. Nc4 bxc3 20. bxc3 Ne7 21. Nxe7+ Qxe7 22. Qxd6 Qa7+ 23. Qb6 Qxb6+ 24. Nxb6 Rxc3 25. f5 Bc4 26. Nxc4 Rxc4 27. Bd5 Rd4 28. Rad1 Rd8 29. Bb3 Bh6 30. Kg2 a5 31. a4 R8d6 32. h3 Kg7 33. g4 Kf6 34. Bc2 Rxd1 35. Rxd1 Rxd1 36. Bxd1 e4 37. Bb3 Bf4 38. Bd5 Ke5 39. Bxf7 Kd4 40. Be8 Ke5 41. Bc6 Bg5 42. Kg3 Bf4+ 43. Kg2 e3 1/2-1/2

[Event "EYCC Girls-U14 2019"]
[Site "Bratislava"]
[Date "2019.08.10"]
[Round "9.13"]
[White "Sovina, Maria"]
[Black "Mroz, Lena"]
[Result "1-0"]
[ECO "D31"]
[WhiteElo "1757"]
[BlackElo "1587"]
[Annotator "NA"]
[PlyCount "99"]
[EventDate "2019.08.02"]
[EventType "swiss"]
[EventCountry "SVK"]
[SourceTitle "playchess.com"]
[Source "ChessBase"]
[SourceQuality "1"]
[TimeControl "40/5400+30:1800+30"]

1. d4 d5 2. c4 e6 3. Nc3 c6 4. Nf3 dxc4 5. e3 b5 6. a4 Bb4 7. Bd2 Bxc3 8. Bxc3 a5 9. axb5 cxb5 10. b3 Bb7 11. bxc4 b4 12. Bb2 Nf6 13. Bd3 Nbd7 14. O-O Be4 15. Bxe4 Nxe4 16. Qd3 Ndf6 17. Ne5 O-O 18. c5 h6 19. Ra4 Qc7 20. f3 Ng5 21. Rfa1 Ra7 22. Nc4 Rfa8 23. Nb6 Rd8 24. Rxa5 Rxa5 25. Rxa5 Nd7 26. Qb5 Nf6 27. Qxb4 Ngh7 28. Qa4 Nd5 29. Nxd5 exd5 30. Ra8 Nf6 31. Bc3 Qe7 32. Rxd8+ Qxd8 33. c6 Qe7 34. Bd2 Ne8 35. Qa8 Kh7 36. Qb7 Qd6 37. Bb4 Qe6 38. Kf2 Qg6 39. h3 h5 40. Qd7 Qe6 41. Qxe6 fxe6 42. e4 Kg6 43. e5 Kf7 44. Bd6 Kg6 45. c7 Nxc7 46. Bxc7 Kf5 47. Ke3 g6 48. Bd8 g5 49. g4+ Kg6 50. f4 1-0

[Event "EYCC Girls-U14 2019"]
[Site "Bratislava"]
[Date "2019.08.10"]
[Round "9.14"]
[White "Anacoglu, Cisel"]
[Black "Kasaeva, Sofiia"]
[Result "1-0"]
[ECO "C96"]
[WhiteElo "1869"]
[BlackElo "1897"]
[Annotator "NA"]
[PlyCount "129"]
[EventDate "2019.08.02"]
[EventType "swiss"]
[EventCountry "SVK"]
[SourceTitle "playchess.com"]
[Source "ChessBase"]
[SourceQuality "1"]
[TimeControl "40/5400+30:1800+30"]

1. e4 e5 2. Nf3 Nc6 3. Bb5 a6 4. Ba4 Nf6 5. O-O Be7 6. Re1 b5 7. Bb3 O-O 8. h3 d6 9. c3 Na5 10. Bc2 c5 11. d4 Nd7 12. Nbd2 exd4 13. cxd4 Nc6 14. d5 Nce5 15. Nxe5 Nxe5 16. a4 Rb8 17. axb5 axb5 18. f4 Ng6 19. Nf3 Bh4 20. Rf1 Bg3 21. f5 Ne5 22. Ng5 h6 23. f6 gxf6 24. Nf3 Kg7 25. Nxe5 Bxe5 26. Qh5 Rh8 27. Ra7 Bd7 28. Bf4 Ra8 29. Bxe5 dxe5 30. Rxa8 Qxa8 31. Qh4 Qd8 32. Qg3+ Kh7 33. Qf2 Rg8 34. Qxf6 Qxf6 35. Rxf6 Bxh3 36. Rxf7+ Kg6 37. Rf3 Bg4 38. Ra3 Rf8 39. Ra6+ Kg5 40. Ra7 Be2 41. Rg7+ Kh5 42. Kh2 Rf2 43. Kg3 Rf4 44. d6 Rf6 45. d7 Rd6 46. Re7 Kg5 47. Rxe5+ Kf6 48. Rxc5 Rxd7 49. Kf4 Bc4 50. b3 Bf1 51. e5+ Ke7 52. Be4 Rd4 53. Kf5 Bd3 54. Bxd3 Rxd3 55. Rxb5 Rg3 56. Rb7+ Kd8 57. Rh7 Rg5+ 58. Kf6 Rxg2 59. Rxh6 Rg3 60. b4 Rg4 61. b5 Rb4 62. Rh8+ Kc7 63. e6 Rb1 64. e7 Rf1+ 65. Kg5 1-0

[Event "EYCC Girls-U14 2019"]
[Site "Bratislava"]
[Date "2019.08.10"]
[Round "9.15"]
[White "Toth, Nikoletta"]
[Black "Otetea, Ioana"]
[Result "1-0"]
[ECO "A45"]
[WhiteElo "2023"]
[BlackElo "1744"]
[Annotator "NA"]
[PlyCount "143"]
[EventDate "2019.08.02"]
[EventType "swiss"]
[EventCountry "SVK"]
[SourceTitle "playchess.com"]
[Source "ChessBase"]
[SourceQuality "1"]
[TimeControl "40/5400+30:1800+30"]

1. d4 Nf6 2. Bf4 d5 3. e3 c5 4. c3 Nc6 5. Nf3 Qb6 6. Qc2 g6 7. Nbd2 Bg7 8. Be2 O-O 9. O-O Nd7 10. dxc5 Nxc5 11. Nb3 e5 12. Bg5 Bf5 13. Qd1 h6 14. Bh4 g5 15. Bg3 Rad8 16. h4 g4 17. Nfd2 h5 18. Nxc5 Qxc5 19. Nb3 Qb6 20. Bd3 Ne7 21. Kh2 Qf6 22. f3 e4 23. Be2 gxf3 24. gxf3 Ng6 25. Qe1 Qe7 26. f4 Bf6 27. Bxh5 Nxh4 28. Bxh4 Bxh4 29. Rg1+ Kh7 30. Qe2 Rg8 31. Bg4 Qd7 32. Bxf5+ Qxf5 33. Nd4 Qf6 34. Qh5+ Qh6 35. Qxh6+ Kxh6 36. Nf5+ Kh5 37. Rad1 Rg6 38. Rxg6 fxg6 39. Nxh4 Kxh4 40. Rg1 Rd6 41. Rg2 Ra6 42. a3 Rb6 43. Rd2 Kg4 44. Kg2 a6 45. Kf2 Kh3 46. Ke2 Kg3 47. b4 Rc6 48. Rxd5 Rxc3 49. Rg5+ Kh4 50. Rxg6 Rxa3 51. Re6 Ra2+ 52. Kd1 Kg4 53. Rxe4 Kf3 54. Re5 Rb2 55. f5 Rf2 56. Re7 Kg4 57. e4 Rf4 58. Ke2 Kg5 59. Ke3 Rf1 60. Rxb7 Rb1 61. Rb6 Rb2 62. Rg6+ Kh5 63. Rxa6 Rxb4 64. Kf4 Rb1 65. Rg6 Rf1+ 66. Ke5 Re1 67. Rg2 Kh6 68. Kf6 Kh7 69. e5 Re4 70. e6 Re3 71. Kf7 Kh6 72. e7 1-0

[Event "EYCC Girls-U14 2019"]
[Site "Bratislava"]
[Date "2019.08.10"]
[Round "9.16"]
[White "Wikar, Martyna"]
[Black "Batagan, Ilinca-Petra"]
[Result "1-0"]
[ECO "C50"]
[WhiteElo "2020"]
[BlackElo "1767"]
[Annotator "NA"]
[PlyCount "77"]
[EventDate "2019.08.02"]
[EventType "swiss"]
[EventCountry "SVK"]
[SourceTitle "playchess.com"]
[Source "ChessBase"]
[SourceQuality "1"]
[TimeControl "40/5400+30:1800+30"]

1. e4 e5 2. Nf3 Nf6 3. Nc3 Nc6 4. Bc4 Bc5 5. d3 h6 6. Ne2 O-O 7. O-O d5 8. exd5 Nxd5 9. Ng3 Bb6 10. a3 a5 11. h3 Kh8 12. Qe2 Re8 13. Qe4 Nf6 14. Qh4 Be6 15. Bxe6 fxe6 16. Nh5 Nxh5 17. Qxh5 Qf6 18. Be3 Nd4 19. Nxe5 Nxc2 20. Bxb6 cxb6 21. Rac1 Nd4 22. Rc7 Nc6 23. Ng4 Qf5 24. Qh4 Qf4 25. Rxb7 Rab8 26. Qh5 Qf5 27. Qf7 Qxf7 28. Rxf7 Re7 29. Rxe7 Nxe7 30. Re1 Kg8 31. Rxe6 Kf7 32. Rd6 Nf5 33. Ne5+ Ke7 34. Rg6 Rc8 35. Rxb6 Rc1+ 36. Kh2 Rc2 37. Nc6+ Kd7 38. Nxa5 Rxf2 39. Nc4 1-0

[Event "EYCC Girls-U14 2019"]
[Site "Bratislava"]
[Date "2019.08.10"]
[Round "9.17"]
[White "Sumarriva Paulin, Laura"]
[Black "Barwinska, Ewa"]
[Result "1-0"]
[ECO "D35"]
[WhiteElo "1861"]
[BlackElo "1758"]
[Annotator "NA"]
[PlyCount "81"]
[EventDate "2019.08.02"]
[EventType "swiss"]
[EventCountry "SVK"]
[SourceTitle "playchess.com"]
[Source "ChessBase"]
[SourceQuality "1"]
[TimeControl "40/5400+30:1800+30"]

1. d4 d5 2. c4 e6 3. Nc3 Nf6 4. cxd5 exd5 5. Bg5 Nbd7 6. e3 c6 7. Bd3 Be7 8. Nf3 O-O 9. Qc2 Re8 10. O-O Nf8 11. h3 Ng6 12. Bxf6 Bxf6 13. b4 a6 14. a4 Be7 15. b5 axb5 16. axb5 Be6 17. bxc6 bxc6 18. Na4 Qc7 19. Nc5 Bd7 20. Bxg6 hxg6 21. Nxd7 Qxd7 22. Ne5 Qe6 23. Qxc6 Qxc6 24. Nxc6 Bd6 25. Rab1 Ra6 26. Nb4 Bxb4 27. Rxb4 f5 28. Rfb1 Kf7 29. Rb7+ Re7 30. Rxe7+ Kxe7 31. Rb7+ Kf6 32. Rd7 Ra5 33. h4 Rb5 34. Kh2 Ra5 35. Kg3 Rb5 36. f3 Ra5 37. Kf4 Rb5 38. g4 fxg4 39. fxg4 Ra5 40. g5+ Ke6 41. Rxg7 1-0

[Event "EYCC Girls-U14 2019"]
[Site "Bratislava"]
[Date "2019.08.10"]
[Round "9.18"]
[White "Blokhin, Sofia"]
[Black "Sevcikova, Lucia"]
[Result "1-0"]
[ECO "B10"]
[WhiteElo "1725"]
[BlackElo "1800"]
[Annotator "NA"]
[PlyCount "129"]
[EventDate "2019.08.02"]
[EventType "swiss"]
[EventCountry "SVK"]
[SourceTitle "playchess.com"]
[Source "ChessBase"]
[SourceQuality "1"]
[TimeControl "40/5400+30:1800+30"]

1. e4 c6 2. Nf3 d5 3. Nc3 Nf6 4. e5 Ne4 5. d4 Nxc3 6. bxc3 e6 7. Bd3 c5 8. O-O c4 9. Be2 Be7 10. h3 Nc6 11. Bd2 O-O 12. Nh2 Qa5 13. a3 b5 14. f4 Qb6 15. Kh1 Bd7 16. Bg4 g6 17. Qe1 a5 18. Qg3 Kh8 19. Be2 b4 20. Rfb1 Qc7 21. Nf3 bxc3 22. Bxc3 f6 23. Rf1 Rab8 24. h4 Rg8 25. Nh2 Qd8 26. Nf3 Na7 27. a4 Nc6 28. exf6 Bxf6 29. Ng5 Bxg5 30. fxg5 Qe7 31. Bxc4 Rgf8 32. Bb5 Kg8 33. Qd3 Ra8 34. Qe3 Qd6 35. Rfe1 Rf5 36. Rf1 Raf8 37. Rxf5 Rxf5 38. g3 Qe7 39. Re1 Qf7 40. Kg2 Kh8 41. Bd3 Kg8 42. Bxf5 Qxf5 43. Qf2 e5 44. Qxf5 Bxf5 45. dxe5 Bxc2 46. g4 Be4+ 47. Kg3 Kf7 48. Rf1+ Ke7 49. Rd1 Ke6 50. Kf4 Bc2 51. Rd2 Bxa4 52. Bxa5 Bb3 53. Bc3 Bc4 54. h5 Ke7 55. hxg6 hxg6 56. Ke3 Ke6 57. Rf2 Kd7 58. Rf7+ Ne7 59. Rf6 Bb3 60. e6+ Ke8 61. Bb4 d4+ 62. Kd2 Ba2 63. Rf7 Bb1 64. Rxe7+ Kd8 65. Ra7 1-0

[Event "EYCC Girls-U14 2019"]
[Site "Bratislava"]
[Date "2019.08.10"]
[Round "9.19"]
[White "Obrochta, Lena"]
[Black "Zvereva, Margarita"]
[Result "0-1"]
[ECO "B93"]
[WhiteElo "1598"]
[BlackElo "1693"]
[Annotator "NA"]
[PlyCount "108"]
[EventDate "2019.08.02"]
[EventType "swiss"]
[EventCountry "SVK"]
[SourceTitle "playchess.com"]
[Source "ChessBase"]
[SourceQuality "1"]
[TimeControl "40/5400+30:1800+30"]

1. e4 c5 2. Nf3 d6 3. d4 cxd4 4. Nxd4 Nf6 5. Nc3 a6 6. f4 Nc6 7. a4 Qb6 8. Nb3 Na5 9. Nxa5 Qxa5 10. Bd3 g6 11. O-O Bg7 12. Kh1 O-O 13. Qf3 Bd7 14. Bd2 Qc7 15. f5 Bc6 16. Rae1 Nd7 17. Qh3 Ne5 18. Qh4 b5 19. axb5 axb5 20. Bxb5 Bxb5 21. Nxb5 Qxc2 22. Bc3 Qd3 23. Nc7 Bf6 24. Qf4 g5 25. Qc1 Rac8 26. Nd5 Kg7 27. Re3 Qb5 28. Rg3 h6 29. Qd1 Rc4 30. Re1 Rcc8 31. Nf4 Kh7 32. Nd5 Qc6 33. Qh5 Kg7 34. h3 Qa6 35. Qd1 Rb8 36. h4 Rh8 37. Nxf6 exf6 38. Qd4 Qb6 39. Qd5 Qf2 40. Rh3 g4 41. Rhe3 Qxh4+ 42. Kg1 g3 43. b4 Ng4 44. Rd3 Qh2+ 45. Kf1 Qh1+ 46. Ke2 Qxg2+ 47. Kd1 Nf2+ 48. Kd2 Nxd3+ 49. Kxd3 Qf3+ 50. Kd2 Rhc8 51. Re3 Qf2+ 52. Re2 Qf4+ 53. Re3 Rxc3 54. Kxc3 Qxe3+ 0-1

[Event "EYCC Girls-U14 2019"]
[Site "Bratislava"]
[Date "2019.08.10"]
[Round "9.20"]
[White "Johansson-Ohman, Linnea"]
[Black "Alekseenko, Mariya"]
[Result "0-1"]
[ECO "A37"]
[WhiteElo "1529"]
[BlackElo "1848"]
[Annotator "NA"]
[PlyCount "84"]
[EventDate "2019.08.02"]
[EventType "swiss"]
[EventCountry "SVK"]
[SourceTitle "playchess.com"]
[Source "ChessBase"]
[SourceQuality "1"]
[TimeControl "40/5400+30:1800+30"]

1. c4 c5 2. g3 g6 3. Bg2 Bg7 4. Nc3 Nc6 5. Nf3 e5 6. d3 d6 7. O-O Nge7 8. Bd2 O-O 9. Rb1 b6 10. a3 Bb7 11. b4 Qd7 12. Ne1 f5 13. Nc2 f4 14. Ne4 h6 15. e3 g5 16. Qh5 Nd8 17. Bc3 d5 18. cxd5 Nxd5 19. Bb2 cxb4 20. axb4 Nf7 21. exf4 gxf4 22. Bh3 Qc6 23. Rfc1 Nf6 24. Nxf6+ Qxf6 25. Bg2 Bxg2 26. Kxg2 Ng5 27. gxf4 Qxf4 28. Rf1 Qf6 29. f3 Rad8 30. Rbd1 Rf7 31. Ne3 Rdf8 32. Ng4 Qc6 33. Bxe5 Rxf3 34. Kg1 Nh3+ 35. Qxh3 Rxh3 36. Bxg7 Rxf1+ 37. Rxf1 Kxg7 38. Rf7+ Kg8 39. Rxa7 Rxd3 40. Ra1 Rc3 41. Ra7 Qg6 42. Ra8+ Kf7 0-1

[Event "EYCC Girls-U14 2019"]
[Site "Bratislava"]
[Date "2019.08.10"]
[Round "9.21"]
[White "Cornileau, Juliette"]
[Black "Slusarczyk, Milena"]
[Result "1-0"]
[ECO "B53"]
[WhiteElo "1805"]
[BlackElo "1522"]
[Annotator "NA RC"]
[PlyCount "43"]
[EventDate "2019.08.02"]
[EventType "swiss"]
[EventCountry "SVK"]
[SourceTitle "playchess.com"]
[Source "ChessBase"]
[SourceQuality "1"]
[TimeControl "40/5400+30:1800+30"]

1. e4 c5 2. Nf3 d6 3. d4 cxd4 4. Qxd4 Nc6 5. Bb5 Qd7 6. Bxc6 bxc6 7. c4 e5 8. Qd3 f5 9. Nc3 f4 10. b3 Be7 11. Ba3 Nh6 12. O-O-O Nf7 13. Rd2 O-O 14. c5 Rd8 15. Rhd1 Qc7 16. Qc4 Kf8 17. cxd6 Nxd6 18. Bxd6 Rxd6 19. Nb5 Qa5 20. Nxd6 Qa3+ 21. Kb1 Bxd6 22. Rxd6 1-0

[Event "EYCC Girls-U14 2019"]
[Site "Bratislava"]
[Date "2019.08.10"]
[Round "9.22"]
[White "Mikhailina, Elena"]
[Black "Toncheva, Nadya"]
[Result "1/2-1/2"]
[ECO "B54"]
[WhiteElo "1689"]
[BlackElo "2087"]
[Annotator "NA RC"]
[PlyCount "118"]
[EventDate "2019.08.02"]
[EventType "swiss"]
[EventCountry "SVK"]
[SourceTitle "playchess.com"]
[Source "ChessBase"]
[SourceQuality "1"]
[TimeControl "40/5400+30:1800+30"]

1. e4 c5 2. Nf3 d6 3. d4 cxd4 4. Nxd4 Nf6 5. f3 e5 6. Nb3 d5 7. Bg5 d4 8. c3 Nc6 9. Bb5 h6 10. Bh4 dxc3 11. Nxc3 Be7 12. Qxd8+ Bxd8 13. Bg3 Bc7 14. Nd5 Bb8 15. Na5 Bd7 16. Nxb7 Nxd5 17. exd5 Nb4 18. Rc1 Ke7 19. Bc4 Rc8 20. O-O a5 21. a3 Ra7 22. d6+ Kf8 23. Nxa5 Rxa5 24. axb4 Ra4 25. Bb5 Rxc1 26. Rxc1 Ba7+ 27. Bf2 Bxb5 28. Rc8+ Be8 29. Bxa7 Rxa7 30. b5 f6 31. b6 Rb7 32. Kf2 g6 33. Ke3 f5 34. b4 h5 35. g3 Rd7 36. h3 Rb7 37. g4 hxg4 38. hxg4 Rd7 39. gxf5 gxf5 40. Kf2 Rb7 41. Kg3 Rd7 42. Kh4 e4 43. fxe4 fxe4 44. Kg3 e3 45. Kf3 Kf7 46. Kxe3 Ke6 47. Rxe8+ Kxd6 48. Kd4 Kc6+ 49. Kc4 Kxb6 50. Re6+ Kb7 51. Kc5 Rh7 52. Re5 Rg7 53. Kb5 Rh7 54. Ka5 Rg7 55. Re6 Rh7 56. Rb6+ Ka7 57. Rb5 Rh1 58. Rf5 Rh7 59. Rd5 Rg7 1/2-1/2

[Event "EYCC Girls-U14 2019"]
[Site "Bratislava"]
[Date "2019.08.10"]
[Round "9.23"]
[White "Karavitaki, Evaggelia"]
[Black "Lhotska, Anna"]
[Result "1/2-1/2"]
[ECO "A30"]
[WhiteElo "1681"]
[BlackElo "1922"]
[Annotator "NA RC"]
[PlyCount "150"]
[EventDate "2019.08.02"]
[EventType "swiss"]
[EventCountry "SVK"]
[SourceTitle "playchess.com"]
[Source "ChessBase"]
[SourceQuality "1"]
[TimeControl "40/5400+30:1800+30"]

1. c4 c5 2. Nf3 Nc6 3. Nc3 g6 4. d4 cxd4 5. Nxd4 Bg7 6. Nc2 d6 7. e4 Nf6 8. Be2 O-O 9. Be3 Bd7 10. O-O Rc8 11. f3 Qc7 12. Rc1 Qb8 13. Qd2 Ne5 14. b3 Rc7 15. Nd4 b6 16. Bg5 Nc6 17. Ndb5 Rb7 18. Nd5 a6 19. Nbc3 Be6 20. Bxf6 exf6 21. Rfd1 f5 22. Qg5 Kh8 23. Qh4 Qd8 24. Qxd8 Rxd8 25. Kf1 Nd4 26. Kf2 fxe4 27. fxe4 Nxe2 28. Nxe2 Bg4 29. Rd3 Re8 30. Nec3 f5 31. exf5 Bxf5 32. Rdd1 Bh6 33. Ra1 b5 34. cxb5 axb5 35. Rd4 Bg7 36. Rb4 Rc8 37. Rc1 Be6 38. Re1 Bg8 39. Re3 Rbb8 40. Ke2 Rc5 41. Rd3 Re8+ 42. Kd2 Bh6+ 43. Nf4 Rec8 44. g3 Bg7 45. Nxb5 Rc2+ 46. Ke3 g5 47. Nh5 Bh6 48. Nxd6 R8c6 49. Nf5 Bf8 50. Re4 Rxh2 51. g4 Rcc2 52. Kd4 Bc5+ 53. Ke5 Rxa2 54. Nf6 Rhd2 55. Rxd2 Rxd2 56. Nxg8 Kxg8 57. Kf6 Rd8 58. Kxg5 Rb8 59. Kf6 Rb6+ 60. Re6 Rb8 61. Rc6 Bf8 62. Rc3 Rb6+ 63. Kg5 Rb4 64. Rd3 Rb5 65. Kf6 Rb6+ 66. Ke5 Rb5+ 67. Kf4 Rb4+ 68. Kf3 Kf7 69. Ne3 Kg6 70. Nd5 Rb7 71. Nf4+ Kf7 72. Ke4 Rb4+ 73. Kf5 Rb5+ 74. Ke4 Rb4+ 75. Kf5 Rb5+ 1/2-1/2

[Event "EYCC Girls-U14 2019"]
[Site "Bratislava"]
[Date "2019.08.10"]
[Round "9.24"]
[White "Lorente Serrano, Rosa Adela"]
[Black "Varekha, Anna"]
[Result "0-1"]
[ECO "A06"]
[WhiteElo "1788"]
[BlackElo "1643"]
[Annotator "NA RC"]
[PlyCount "72"]
[EventDate "2019.08.02"]
[EventType "swiss"]
[EventCountry "SVK"]
[SourceTitle "playchess.com"]
[Source "ChessBase"]
[SourceQuality "1"]
[TimeControl "40/5400+30:1800+30"]

1. Nf3 d5 2. g3 Bf5 3. Bg2 e6 4. O-O Nf6 5. d3 Be7 6. Nbd2 O-O 7. h3 h6 8. Qe1 c5 9. e4 Bh7 10. e5 Nfd7 11. Qe2 Nc6 12. Re1 Qc7 13. Nf1 Rfc8 14. N1h2 b5 15. g4 c4 16. Bd2 Rab8 17. g5 hxg5 18. Rac1 Nc5 19. d4 Ne4 20. Be3 c3 21. b3 Rf8 22. Ng4 f5 23. exf6 gxf6 24. h4 Kg7 25. hxg5 f5 26. g6 fxg4 27. Ne5 Nxe5 28. dxe5 Bxg6 29. Qxg4 Rf5 30. f3 Ng5 31. b4 Rbf8 32. Rf1 a6 33. Rcd1 Qc4 34. Rd4 Qe2 35. Rd3 Qxc2 36. Rdd1 Qxa2 0-1